Unix NetHack Version 5.0.0-0 post-release - last build Jun 10 2026 00:39:30 (3ee93aec679c4c4259841fe613dc97188e26a321,branch:main).

Game began 2026-06-17 15:43:49, ended 2026-06-17 16:16:35.

DiePARTEI, neutral female human Tourist

                                        -------------
                                        |.>.........|
                                        |........$..|
                                        |...........|
                                        |............#
                                        -------------#
                                                     #
                                                     #
                                                     #
                                ##                   #
                                 #                   #
                                 #                   #
                                ###d@Z               #  -------.--
                                     o               #  |.......{|
                                                     #  |...^....+
                                       .             #  |....(...|
                                                     ###.........|
                                                        ----------

DiePARTEI the Sightseer     St:11 Dx:13 Co:16 In:15 Wi:8 Ch:12  Neutral
Dlvl:10 $:0  HP:0(49) Pw:18(18) AC:1  Xp:5 T:3782  Burdened

Latest messages:
 The werewolf wields an orcish dagger!
 The werewolf thrusts her orcish dagger.
 The werewolf misses!
 In what direction? 4
 The dart hits the werewolf.
 The werewolf changes into a wolf.
 The werewolf drops an orcish dagger.
 The werewolf bites!
 In what direction? 4
 The dart misses the werewolf.
 The Mordor orc misses!
 The werewolf bites!
 You avoid harm.
 In what direction? 4
 The dart hits the werewolf.
 The Mordor orc hits!
 The werewolf summons help!
 You feel hemmed in.
 The werewolf bites!
 The ghoul hits!
 The ghoul hits again!
 The Mordor orc hits!
 The werewolf bites!
 You die...
 But wait...
 Your medallion begins to glow!
 You feel much better!
 The medallion crumbles to dust!
 You survived that attempt on your life.
 In what direction? 4
 The dart hits the werewolf!
 The Mordor orc hits!
 The werewolf misses!
 The ghoul misses!
 The ghoul hits!
 In what direction? 4
 The dart hits the werewolf.
 The Mordor orc misses!
 The werewolf bites!
 The ghoul hits!
 You are frozen by the ghoul!
 The ghoul hits again!
 The werewolf bites!
 The werewolf bites!
 The Mordor orc hits!
 The werewolf bites!
 You die...
 Do you want your possessions identified? [ynq] (y) y
 Do you want to see your attributes? [ynq] (y) y
 Do you want an account of creatures vanquished? [ynaq] (y) q

Inventory:
 Weapons  (')')
  r - 8 rustproof +0 darts
  a - 13 +2 darts (at the ready)
  v - 36 +0 darts
  x - a poisoned +0 dart
  X - a +0 orcish dagger
 Armor    ('[')
  I - an uncursed +0 orcish helm (being worn)
  S - an uncursed +0 pair of elven boots
  Q - a blessed +1 pair of water walking boots (being worn)
  K - an uncursed +0 leather cloak (being worn)
  O - an uncursed +0 mummy wrapping
  l - an uncursed +0 Hawaiian shirt with a palm tree motif (being worn)
  j - an uncursed +0 elven mithril-coat (being worn)
 Comestibles  ('%')
  b - 2 uncursed food rations
  c - 2 uncursed fortune cookies
  d - an uncursed sprig of wolfsbane
  g - 2 uncursed tripe rations
  f - 2 uncursed eggs
 Scrolls  ('?')
  J - an uncursed scroll of blank paper
  F - a cursed scroll of confuse monster
  G - a blessed scroll of enchant armor
  M - 2 uncursed scrolls of enchant weapon
  N - 2 uncursed scrolls of identify
  q - an uncursed scroll of light
  k - 3 uncursed scrolls of magic mapping
  i - an uncursed scroll of teleportation
  E - a cursed scroll of teleportation
 Potions  ('!')
  Y - an uncursed potion of booze
  V - an uncursed potion of confusion
  w - a cursed potion of enlightenment
  z - an uncursed potion of gain energy
  W - an uncursed potion of object detection
  C - an uncursed potion of restore ability
  o - a cursed potion of speed
  B - a potion of holy water
  R - 2 uncursed potions of water
 Rings    ('=')
  u - a cursed ring of aggravate monster
  H - an uncursed ring of polymorph control (on right hand)
  A - an uncursed ring of searching (on left hand)
 Wands    ('/')
  p - a wand of teleportation (0:6)
 Tools    ('(')
  s - a bag of tricks named empty (0:0)
  n - an uncursed credit card
  m - an expensive camera named heatres (0:55)
  t - a +0 pick-axe
 Gems/Stones  ('*')
  D - an uncursed garnet stone
  Z - an uncursed worthless piece of green glass
  y - a cursed worthless piece of yellow glass

DiePARTEI the Tourist's attributes:

Background:
 You were a Sightseer, a level 5 female human Tourist.
 You were neutral, on a mission for The Lady
 who was opposed by Blind Io (lawful) and Offler (chaotic).
 You were right-handed.
 You were in the Dungeons of Doom, on level 10.
 You entered the dungeon 3782 turns ago.
 There was a new moon in effect when your adventure ended.
 You had 162 experience points, 158 more were needed to attain level 6.

Basics:
 You had 0 out of 49 hit points.
 You had all 18 energy points (spell power).
 Your armor class was 1.
 Your wallet was empty.
 Autopickup was off.

Final Characteristics:
 Your strength was 11 (limit:18/100).
 Your dexterity was 13 (limit:18).
 Your constitution was 16 (peak:17, limit:18).
 Your intelligence was 15 (limit:18).
 Your wisdom was 8 (limit:18).
 Your charisma was 12 (limit:18).

Final Status:
 You weren't hungry.
 You were burdened; movement was slightly slowed.
 You were bare handed.
 You were unskilled in bare handed combat.

Final Attributes:
 You were piously aligned.
 You were fire resistant.
 You had automatic searching.
 You could walk on water.
 You were guarded.
 Your spell casting was impaired by metallic armor.
 You had polymorph control.
 You are dead (2nd time!).

Miscellaneous:
 You didn't encounter any bones levels.
 Total elapsed playing time was 32 minutes and 45 seconds.

Major events:
 Turn
    1: DiePARTEI the neutral female human Tourist entered the dungeon
  947: became literate by naming Sting
 1865: attained the rank of Sightseer (level 3)
 3777: averted death (killed by a werewolf)
 3782: killed by a werewolf, while paralyzed by a ghoul

Spells:
 Name                 Level Category     Fail Retention
 jumping                1   escape       100%  76%-100%
 healing                1   healing      100%  76%-100%

Skills:
 Fighting Skills
   bare handed combat [Unskilled]
   two weapon combat  [Unskilled]
   riding             [Unskilled]
 Weapon Skills
   dagger             [Unskilled]
   knife              [Unskilled]
   axe                [Unskilled]
   pick-axe           [Unskilled]
   short sword        [Unskilled]
   broadsword         [Unskilled]
   long sword         [Unskilled]
   two-handed sword   [Unskilled]
   saber              [Unskilled]
   mace               [Unskilled]
   morning star       [Unskilled]
   flail              [Unskilled]
   hammer             [Unskilled]
   quarterstaff       [Unskilled]
   polearms           [Unskilled]
   spear              [Unskilled]
   trident            [Unskilled]
   lance              [Unskilled]
   bow                [Unskilled]
   sling              [Unskilled]
   crossbow           [Unskilled]
   dart               [Basic]
   shuriken           [Unskilled]
   boomerang          [Unskilled]
   whip               [Unskilled]
   unicorn horn       [Unskilled]
 Spellcasting Skills
   divination spells  [Unskilled]
   enchantment spells [Unskilled]
   escape spells      [Unskilled]

Voluntary challenges:
 Character rerolling was not enabled.
 You never hit with a wielded weapon.
 You never genocided any monsters.
 You never polymorphed an object.
 You never changed form.
 You used no wishes.
Achievements:
 You entered a shop.
 You attained the rank of Sightseer.

 The Dungeons of Doom: levels 1 to 10
    Level 1:
       A fountain.
    Level 2:
       A vegetarian food shop, some fountains.
    Level 3:
       A general store, a fountain.
    Level 4:
    Level 5:
       Many altars, a fountain, a grave.
    Level 6:
    Level 7:
    Level 10: <- You were here.
       A fountain.
       Final resting place for
          you, killed by a werewolf, while paralyzed by a ghoul.


Vanquished creatures:
  2 Mordor orcs
  a gnome leader
  a kobold mummy
  a gray ooze
 an elf zombie
  a paper golem
  2 giant ants
  a kobold shaman
  2 giant bats
  2 orc zombies
  a dwarf zombie
  a wererat
 an iguana
  a hobbit
  a large kobold
  3 giant rats
  a yellow mold
  a red mold
  a gecko
  4 jackals
  2 kobolds
  5 goblins
  3 sewer rats
  2 grid bugs
  a bat
  5 lichens
  3 newts
50 creatures vanquished.

No species were genocided or became extinct.

Game over:
                       ----------
                      /          \
                     /    REST    \
                    /      IN      \
                   /     PEACE      \
                  /                  \
                  |    DiePARTEI     |
                  |       0 Au       |
                  |   killed by a    |
                  |     werewolf     |
                  |                  |
                  |                  |
                  |       2026       |
                 *|     *  *  *      | *
        _________)/\\_//(\/(/\)/\//\/|_)_______

Aloha DiePARTEI the Tourist...

You died in The Dungeons of Doom on dungeon level 10 with 1108 points,
and 0 pieces of gold, after 3782 moves.
You were level 5 with a maximum of 49 hit points when you died.

